 Dungeon Crawl Stone Soup version 0.22.1-1-ga44c0e5 (webtiles) character file.

427 Folque the Stinger (level 6, -1/63 HPs)
             Began as an Octopode Venom Mage on Oct 7, 2018.
             Was a Follower of Zin.
             Slain by Menkaure (2 damage)
             ... on level 4 of the Dungeon.
             The game lasted 00:14:18 (3630 turns).

Folque the Stinger (Octopode Venom Mage)            Turns: 3630, Time: 00:14:19

Health: -1/63      AC: 23    Str:  7    XL:     6   Next: 97%
Magic:  11/11      EV:  2    Int: 24    God:    Zin [*.....]
Gold:   24         SH:  0    Dex: 13    Spells: 6/12 levels left

rFire    . . .     SeeInvis .   h - +2 dagger (venom)
rCold    . . .     Gourm    .   (no shield)
rNeg     + + +     Faith    .   (helmet currently unavailable)
rPois    +         Spirit   .   (no amulet)
rElec    .         Reflect  .   (no ring)
rCorr    .         Harm     .   (no ring)
MR       .....     NoTele   +   (no ring)
Stlth    ++........             (no ring)
HPRegen  0.20/turn              (no ring)
MPRegen  0.12/turn              (no ring)
                                (no ring)
                                (no ring)

@: brilliant, tree-form
A: almost no armour, stealthy swim, (amphibious), 8 rings, (constrict 8)
a: Recite, Donate Gold, Renounce Religion


You were on level 4 of the Dungeon.
You worshipped Zin.
Zin was aware of your devotion.
You were not hungry.
You were a tree.
You visited 1 branch of the dungeon, and saw 4 of its levels.

You collected 111 gold pieces.
You donated 87 gold pieces to Zin.

Inventory:

Hand Weapons
 a - a +1 dagger of speed
 c - a +0 dagger of venom
 f - a +0 dagger
 h - a +2 dagger of venom (weapon)
Missiles
 i - 19 sling bullets
Wands
 p - a wand of clouds (2)
Scrolls
 d - 2 scrolls of teleportation
 g - a scroll of amnesia {unknown}
 j - a scroll of enchant weapon
 l - a scroll of remove curse {unknown}
 n - a scroll of blinking {unknown}
 o - 2 scrolls of identify {unknown}
 s - a scroll of fear {unknown}
 v - 2 scrolls of fog
 w - a scroll of immolation {unknown}
Potions
 e - a potion of degeneration {unknown}
 m - a potion of resistance {unknown}
 r - a potion of curing {unknown}
Comestibles
 b - 5 rations
 t - 4 chunks of flesh


   Skills:
 - Level 3.0 Fighting
 - Level 2.0 Dodging
 - Level 3.0 Stealth
 * Level 3.7 Spellcasting
 + Level 1.9 Conjurations
 - Level 5.5 Poison Magic
 * Level 2.9 Invocations


You had 6 spell levels left.
You knew the following spells:

 Your Spells              Type           Power        Failure   Level  Hunger
a - Sting                 Conj/Pois      ####         1%          1    None
b - Poisonous Vapours     Pois/Air       ####..       1%          2    #......
c - Mephitic Cloud        Conj/Pois/Air  ####....     1%          3    ##.....

Your spell library contained the following spells:

 Spells                   Type           Power        Failure   Level  Hunger
 Animate Skeleton         Necr           N/A          1%          1    None
 Apportation              Tloc           ###...       1%          1    None
 Confusing Touch          Hex            ###...       1%          1    None
 Summon Small Mammal      Summ           ###.         1%          1    None
 Olgreb's Toxic Radiance  Pois           #####...     1%          4    ####...
 Venom Bolt               Conj/Pois      #####.....   7%          5    ######.


Dungeon Overview and Level Annotations

Branches:
Dungeon (4/15)
 Temple: D:4-7

Altars:
Cheibriados
Hepliaklqana
Makhleb
Nemelex Xobeh
Xom
Zin

Annotations:
D:4 Menkaure


Innate Abilities, Weirdness & Mutations

You cannot wear most types of armour.
You are very stealthy in the water. (Stealth+)
((You are amphibious.))
You can wear up to eight rings at the same time.
((You can use your tentacles to constrict eight enemies at once.))
((Your skin changes colour to match your surroundings (Stealth+).))
((Your rubbery body absorbs attacks. (AC +1, EV +1)))


Message History

Aim: Menkaure (moderately damaged)
You throw a silver tomahawk.
The silver tomahawk hits Menkaure but does no damage.
Menkaure is moderately damaged.
Menkaure hits you.
* * * LOW HITPOINT WARNING * * *
Throwing (i - inventory)
u - a silver tomahawk (quivered)
Press: ? - help, Shift-Dir - straight line, f - leopard gecko skeleton, p -
Aim: a leopard gecko skeleton You throw a silver tomahawk.
The silver tomahawk hits Menkaure.
Menkaure is moderately damaged.
Menkaure hits you but does no damage.
You completely miss Menkaure.
Menkaure is moderately damaged.
Menkaure hits you!
* * * LOW HITPOINT WARNING * * *
It was a potion of brilliance.
You feel clever all of a sudden. Menkaure hits you.
You die...

#.#..≈†....≈#####.##
#.#..≈≈...≈≈# #.#
#.#..#≈≈≈≈≈## #.#
#.#..############.##
.#######>..................
.........#.................
########.#.#############.##
#.#.# #.# #.#♣# ###.##
#.#M# #..... #.#w# #)....
$$.....Z..# #.....
..........# ###.##
.......<.=# #.# ..h..$....#
#.# ...w......# #..
..........# ##


You could see Menkaure, a worm and a leopard gecko skeleton.

Vanquished Creatures
  An ogre (D:4)
  A scorpion (D:4)
  A hound (D:4)
  Natasha (D:4)
  Ijyb (D:3)
  A worker ant (D:4)
  A hound skeleton (D:4)
  8 adders
  2 oozes (D:3)
  2 worms
  5 dart slugs
  3 leopard geckos
  13 orcs
  7 bats
  3 giant cockroaches
  10 goblins
  7 hobgoblins
  A jackal (D:4)
  13 kobolds
  3 quokkas
  A ball python (D:3)
  A ball python skeleton (D:4)
  7 frilled lizards
  A leopard gecko skeleton (D:4)
  5 rats
99 creatures vanquished.

Vanquished Creatures (others)
  A giant cockroach (D:4)
  A quokka (D:4)
  A plant (D:4)
3 creatures vanquished.

Grand Total: 102 creatures vanquished

Notes
Turn   | Place    | Note
-------+----------+-------------------------------------------
     0 | D:1      | Folque the Octopode Venom Mage began the quest for the Orb.
     0 | D:1      | Reached XP level 1. HP: 11/11 MP: 3/3
   309 | D:1      | Reached skill level 1 in Fighting
   309 | D:1      | Reached XP level 2. HP: 18/18 MP: 0/5
   810 | D:1      | Reached skill level 4 in Poison Magic
   922 | D:1      | Reached XP level 3. HP: 23/23 MP: 6/6
  1247 | D:2      | Reached XP level 4. HP: 11/29 MP: 1/7
  1519 | D:2      | Found a burning altar of Makhleb.
  1641 | D:2      | Learned a level 2 spell: Poisonous Vapours
  1645 | D:2      | Learned a level 3 spell: Mephitic Cloud
  1939 | D:2      | Found a sparkling altar of Nemelex Xobeh.
  1940 | D:2      | Found a snail-covered altar of Cheibriados.
  1987 | D:3      | Noticed Ijyb
  2011 | D:3      | Killed Ijyb
  2194 | D:3      | Reached XP level 5. HP: 30/35 MP: 5/9
  2195 | D:3      | Reached skill level 5 in Poison Magic
  2502 | D:3      | Found a glowing silver altar of Zin.
  2506 | D:3      | Became a worshipper of Zin the Law-Giver
  2506 | D:3      | Reached * piety under Zin
  2507 | D:3      | Donated 51 gold pieces to Zin
  2864 | D:3      | Found a hazy altar of Hepliaklqana.
  3283 | D:4      | Reached skill level 1 in Invocations
  3299 | D:4      | Reached XP level 6. HP: 42/42 MP: 1/10
  3454 | D:4      | Found a shimmering altar of Xom.
  3466 | D:4      | Donated 25 gold pieces to Zin
  3599 | D:4      | Noticed Menkaure
  3600 | D:4      | Noticed Natasha
  3606 | D:4      | Killed Natasha
  3629 | D:4      | HP: 1/63 [Menkaure (10)]
  3630 | D:4      | Slain by Menkaure

Skill      XL: |  1  2  3  4  5  6 |
---------------+-------------------+-----
Fighting       | 1 2 3 |  3.0
Poison Magic   | 4 5 |  5.5
Stealth        | 3 |  3.0
Spellcasting   | 3 |  3.7
Invocations    | 1 2 |  2.9
Dodging        | |  2.0
Conjurations   | |  1.9

Action                   |  1- 3 |  4- 6 || total
-------------------------+-------+-------++-------
Melee: Unarmed           |    24 |       ||    24
       Constrict         |    16 |    33 ||    49
       Tentacles         |     8 |    25 ||    33
       Dagger            |    36 |   135 ||   171
Throw: Tomahawk          |       |     4 ||     4
 Cast: Sting             |    13 |    23 ||    36
       Poisonous Vapours |       |    12 ||    12
       Mephitic Cloud    |       |     7 ||     7
Invok: Donate Gold       |       |     2 ||     2
       Recite            |       |     1 ||     1
  Use: Scroll            |       |     3 ||     3
       Potion            |       |     2 ||     2
 Stab: Sleeping          |     9 |     7 ||    16
       Confused          |       |     1 ||     1
  Eat: Chunk             |     1 |     9 ||    10
Armor: Skin              |     2 |    20 ||    22
Dodge: Dodged            |    39 |    60 ||    99
